AoeStats
← SummerLotus9561

Arabia

509703249Analyzed
1v1 RM · 6d ago on Sep 27, 2026· 36m 42s· 2 players
Game mode
Random Map
Map size
Tiny (2 player)
Population
200
Speed
Normal
Resources
Standard
Victory
Conquest
Starting age
Dark Age
Ending age
Imperial Age
RankedLock teamsTeams togetherTeam positionsShared explorationLock speedFull tech treeHidden civsTurbo modeCheats
Victory
Defeat
🇫🇷 Mapuche · France
734
+15
🇨🇴 Britons · Colombia
704
-15
SummerLotus9561
11:05 Feudal Age
11:34 Double-Bit Axe
11:31 Horse Collar
11:35 Man-at-Arms
23:38 Castle Age
22:12 Stone Mining
32:33 Bow Saw
35:27 Heavy Plow
35:55 Gold Mining
Avelio
7:29 Loom
9:38 Feudal Age
10:25 Double-Bit Axe
11:30 Scale Mail Armor
11:40 Forging
12:13 Champi Runner
19:50 Castle Age
22:44 Chain Mail Armor
24:27 Iron Casting
24:02 Champi Warrior
26:23 Gold Mining
30:31 Arson
31:48 Bow Saw
32:14 Gold Shaft Mining
31:30 Stone Mining
34:16 Careening
33:46 Treadmill Crane
34:08 Murder Holes
34:24 Masonry
34:35 Ballistics
Connection lost

Rejoining the realm…

Still unreachable

The connection could not be restored.

Session expired

The server has moved on; the page needs a fresh start.